 Dungeon Crawl Stone Soup version 0.31-a0-700-gf13585253f (webtiles) character file.

Game seed: 3093933483104077879

2356 qw the Skirmisher (level 9, -10/57 HPs)
             Began as a Gargoyle Hunter on Sept 7, 2023.
             Was a Follower of Okawaru.
             Mangled by a skeletal warrior
             ... wielding a +2 flail of protection
              (11 damage)
             ... on level 6 of the Dungeon.
             The game lasted 00:02:01 (4828 turns).

qw the Skirmisher (Gargoyle Hunter)                 Turns: 4828, Time: 00:02:01

Health: -10/57     AC: 13    Str: 15    XL:     9   Next: 44%
Magic:  21/21      EV: 16    Int: 10    God:    Okawaru [*.....]
Gold:   938        SH:  0    Dex: 17    Spells: 8/8 levels left

rFire   . . .        Y - +1 shortbow (drain)
rCold   + . .        (shield currently unavailable)
rNeg    + . .        l - +3 leather armour
rPois   inf          n - +0 hat of Yghygu {rC+ MP+9}
rElec   +            (no cloak)
rCorr   .            (no gloves)
SInv    .            (no boots)
Will    .....        (no amulet)
Stlth   +++          (no ring)
HPRegen 0.29/turn    (no ring)
MPRegen 0.17/turn

%: no passive effects
@: heroic
A: sickness immunity, AC +6, negative energy resistance 1, electricity
resistance, torment resistance 1, petrification resistance
a: Renounce Religion, Heroism


You were on level 6 of the Dungeon.
You worshipped Okawaru.
Okawaru was aware of your devotion.
You visited 2 branches of the dungeon, and saw 7 of its levels.

You collected 1038 gold pieces.
You spent 100 gold pieces at shops.


Innate Abilities, Weirdness & Mutations

You are immune to sickness and miasma.
Your stone body is resilient. (AC +6)
You are immune to poison.
You resist negative energy. (rN+)
You are resistant to electric shocks. (rElec)
You are resistant to unholy torment.
You are immune to petrification.


   Skills:
 - Level 7.3(12.3) Fighting
 + Level 10.0(15.0) Ranged Weapons
 - Level 1.4(6.4) Armour
 - Level 3.0(8.0) Dodging
 - Level 1.1(6.1) Stealth
 - Level 4.2 Invocations


You had 8 spell levels left.
You didn't know any spells.
Your spell library was empty.

Inventory:

Hand Weapons
 Y - a +1 shortbow of draining (weapon)
Armour
 l - a +3 leather armour (worn)
 n - the +0 hat of Yghygu (worn) {rC+ MP+9}
   (You acquired it on level 4 of the Dungeon)

   rC+:       It protects you from cold.
   MP+9:      It affects your magic capacity (+9).
Jewellery
 d - a ring of fire
Scrolls
 k - a scroll of identify
Potions
 a - a potion of curing
 b - a potion of magic
 e - a potion of ambrosia {unknown}
 f - a potion of brilliance {unknown}
 h - a potion of lignification {unknown}
 i - a potion of mutation {unknown}
 j - 3 potions of haste
 m - 2 potions of might {unknown}
 o - a potion of cancellation {unknown}
 p - a potion of invisibility {unknown}

Dungeon Overview and Level Annotations

Branches:
Dungeon (6/15)             Temple (1/1) D:4

Altars:
Ashenzari
Cheibriados
Dithmenos
Gozag
Kikubaaqudgha
Makhleb
Nemelex Xobeh
Okawaru
Qazlal
Ru
Sif Muna
Trog
Uskayaw
Vehumet
Xom
Yredelemnul
Zin
The Shining One

Shops:
D:1 !

Annotations:
D:5 2 transporters, qw's ghost, novice GrHu


Message History

Enter note:
4819 |||
Found retreat position at -1,0 (floor) with 0 blocking monsters and 1 monsters attacking at destination at distance 1
4819 ||| Stepping ~*~*~tactically~*~*~ (retreating).
Enter note:
Enter note:
Enter note: You shoot an arrow.
The arrow hits the skeletal warrior but does no damage.
The skeletal warrior is lightly damaged.
The skeletal warrior hits you with a +2 flail of protection!
You shoot an arrow.
The arrow hits the skeletal warrior but does no damage.
The skeletal warrior is lightly damaged.
The skeletal warrior misses you.
You shoot an arrow.
The arrow barely misses the skeletal warrior.
The arrow hits the skeletal warrior but does no damage.
You shoot an arrow.
The arrow closely misses the skeletal warrior. x2
The skeletal warrior hits you with a +2 flail of protection!
You shoot an arrow. The arrow hits the skeletal warrior!
The skeletal warrior is moderately damaged.
The skeletal warrior hits you with a +2 flail of protection.
You shoot an arrow.
The arrow hits the skeletal warrior but does no damage.
The skeletal warrior is moderately damaged.
The skeletal warrior hits you with a +2 flail of protection!
You shoot an arrow.
The arrow hits the skeletal warrior but does no damage.
The skeletal warrior is moderately damaged.
You shoot an arrow.
The arrow barely misses the skeletal warrior.
The arrow hits the skeletal warrior!
The skeletal warrior is lightly damaged.
The skeletal warrior hits you with a +2 flail of protection!
You shoot an arrow.
The arrow hits the skeletal warrior but does no damage.
The skeletal warrior is moderately damaged.
The skeletal warrior hits you with a +2 flail of protection!
You die...

.......#...#...#................#
.......#)..#...#.....#..........#
.......'#######+....##..##.?.....
.......))........................
###..##...........###...#........
#..##.......#.....###.###.......
#...###......##........##.......
#..###.)......###...........z...
##..###.........@zz[.......##.#z.
#..............####.<.....##..##.
##.............# .........##..#.
##.#......|.................#.###
###.....#..##....#.............
..#.##..#..###.###.............
.....##....# ....... ..
...........# ...#........


You could see 2 skeletal warriors.

Vanquished Creatures
  Pikel (D:5)
  Jeremiah (D:6)
  Grinder (D:4)
  Sigmund (D:2)
  A wyvern (D:6)
  A steam dragon (D:4)
  An ogre (D:5)
  A centaur (D:5)
  A phantom (D:4)
  Blork the orc (D:5)
  2 jellies
  4 hounds
  3 orc priests (D:4)
  3 iguanas (D:5)
  4 orc wizards
  4 gnolls (D:4)
  9 adders
  An ufetubus (D:5)
  A worm (D:5)
  13 orcs
  7 ball pythons
  8 endoplasms
  A giant cockroach (D:6)
  9 goblins
  10 hobgoblins
  3 jackals (D:2)
  3 quokkas
  3 bats (D:1)
  2 frilled lizards (D:1)
  7 kobolds
  3 rats
110 creatures vanquished.

Notes
Turn   | Place    | Note
-------+----------+-------------------------------------------
     0 | D:1      | qw the Gargoyle Hunter began the quest for the Orb.
     0 | D:1      | Reached XP level 1. HP: 12/12 MP: 1/1
     0 | D:1      | 0 ||| qw: Version: 0.3-a-76-g4403597
     0 | D:1      | 0 ||| qw: Game counter: 647
     0 | D:1      | 0 ||| qw: Melee chars always use a shield: true
     0 | D:1      | 0 ||| qw: God list: Okawaru
     0 | D:1      | 0 ||| qw: Allow faded altars: false
     0 | D:1      | 0 ||| qw: Do Orc after clearing Dungeon:15 true
     0 | D:1      | 0 ||| qw: Do second Lair branch before Depths: true
     0 | D:1      | 0 ||| qw: Lair rune preference: random
     0 | D:1      | 0 ||| qw: Goals: Normal
     0 | D:1      | 0 ||| PLANNING D:1-11
    61 | D:1      | Reached XP level 2. HP: 11/17 MP: 2/2
   743 | D:1      | Found Roinusoto's Distillery.
   750 | D:1      | 750 ||| BUYING potion of haste (100 gold).
   750 | D:1      | Bought a potion of haste for 100 gold pieces
   750 | D:1      | 750 ||| SHOPLISTING potion of resistance (100 gold, have
                  | 1).
   917 | D:1      | 917 ||| UPGRADING to +0 ring mail.
   927 | D:1      | 927 ||| DROPPING +0 leather armour.
   928 | D:1      | 928 ||| READING scroll labelled WIESURYUVE.
   929 | D:1      | 929 ||| READING 3 scrolls labelled VIKHLARYEPN.
   930 | D:1      | 930 ||| READING 2 scrolls of brand weapon.
   930 | D:1      | 930 ||| BRANDING +0 shortbow of draining.
   931 | D:1      | 931 ||| READING scroll of brand weapon.
   931 | D:1      | 931 ||| BRANDING +0 shortbow of flaming.
   932 | D:1      | 932 ||| READING 2 scrolls labelled DACUBB TOYFYF.
   933 | D:1      | 933 ||| DROPPING scroll of butterflies.
   934 | D:1      | 934 ||| DROPPING scroll of amnesia.
   976 | D:2      | Reached skill level 1 in Armour
   976 | D:2      | Reached XP level 3. HP: 21/21 MP: 3/3
  1007 | D:2      | Reached skill level 5 in Ranged Weapons
  1086 | D:2      | Noticed a golden eye
  1094 | D:2      | Noticed a floating eye
  1137 | D:2      | Reached XP level 4. HP: 27/27 MP: 4/4
  1153 | D:2      | Found a faded altar of an unknown god.
  1154 | D:2      | Noticed a golden eye
  1159 | D:2      | Noticed an eye of devastation
  1332 | D:2      | Noticed Sigmund
  1335 | D:2      | Reached skill level 3 in Fighting
  1339 | D:2      | Killed Sigmund
  1340 | D:2      | Reached skill level 6 in Ranged Weapons
  1340 | D:2      | Reached XP level 5. HP: 32/32 MP: 5/5
  1340 | D:2      | Reached XP level 6. HP: 37/37 MP: 6/6
  1446 | D:2      | 1446 ||| READING scroll labelled EDURAYRACO.
  1447 | D:2      | 1447 ||| READING scroll labelled CUDOTI JERAU.
  1448 | D:2      | 1448 ||| DRINKING 2 murky inky potions.
  1962 | D:3      | 1962 ||| READING scroll labelled LUBAESM NEPP.
  1962 | D:3      | Identified a scroll of acquirement
  1962 | D:3      | 1962 ||| ACQUIRING 721 gold pieces
  1962 | D:3      | Acquired 721 gold pieces
  2129 | D:3      | 2129 ||| DROPPING +6 ring of intelligence.
  2248 | D:4      | Found a shadowy altar of Dithmenos.
  2251 | D:4      | Found a staircase to the Ecumenical Temple.
  2252 | D:4      | 2252 ||| PLANNING TEMPLE
  2311 | Temple   | Entered the Ecumenical Temple
  2312 | Temple   | 2312 ||| PLANNING D:1-11
  2431 | D:4      | HP: 7/39 [orc wizard/puff of flame (7)]
  2432 | D:4      | 2432 ||| DRINKING 2 potions of heal wounds.
  2445 | D:4      | Reached skill level 7 in Ranged Weapons
  2533 | D:4      | Reached XP level 7. HP: 44/44 MP: 7/7
  2549 | D:4      | Found a shimmering altar of Xom.
  2555 | D:4      | 2555 ||| READING scroll of acquirement.
  2555 | D:4      | 2555 ||| ACQUIRING +0 hat of Yghygu {rC+ MP+9}
  2555 | D:4      | Acquired the +0 hat of Yghygu {rC+ MP+9}
  2557 | D:4      | 2557 ||| UPGRADING to +3 leather armour.
  2567 | D:4      | 2567 ||| DROPPING +0 ring mail.
  2568 | D:4      | 2568 ||| UPGRADING to +0 hat of Yghygu {rC+ MP+9}.
  2740 | D:4      | Found a radiant altar of Vehumet.
  2740 | D:4      | Found a glowing golden altar of the Shining One.
  2740 | D:4      | Found a burning altar of Makhleb.
  2766 | D:4      | Found an iron altar of Okawaru.
  2767 | D:4      | 2767 ||| PLANNING OKAWARU WORSHIP
  2770 | D:4      | Became a worshipper of Warmaster Okawaru
  2771 | D:4      | 2771 ||| PLANNING D:1-11
  2812 | D:4      | Noticed Grinder
  2826 | D:4      | Killed Grinder
  2827 | D:4      | Reached skill level 8 in Ranged Weapons
  2997 | D:4      | Noticed a steam dragon
  3008 | D:4      | HP: 3/44 [steam dragon/ball of steam (15)]
  3009 | D:4      | 3009 ||| DRINKING potion of heal wounds.
  3013 | D:4      | Killed a steam dragon
  3013 | D:4      | Reached * piety under Okawaru
  3014 | D:4      | Reached XP level 8. HP: 8/51 MP: 8/8
  3274 | D:4      | 3274 ||| READING scroll labelled TOJUIHIHOF.
  3307 | D:5      | Entered Level 5 of the Dungeon
  3307 | D:5      | Noticed Pikel
  3308 | D:5      | 3308 ||| RETREATING.
  3311 | D:5      | 3311 ||| INVOKING Heroism.
  3313 | D:5      | Noticed Blork the orc
  3328 | D:5      | Killed Pikel
  3328 | D:5      | Reached ** piety under Okawaru
  3329 | D:5      | Reached skill level 9 in Ranged Weapons
  3329 | D:5      | 3329 ||| INVOKING Heroism.
  3331 | D:5      | Killed Blork the orc
  3332 | D:5      | Reached skill level 1 in Invocations
  3416 | D:5      | Reached skill level 6 in Fighting
  3417 | D:5      | 3417 ||| FLEEEEING.
  3418 | D:5      | 3418 ||| FLEEEEING.
  3419 | D:5      | 3419 ||| FLEEEEING.
  3420 | D:5      | 3420 ||| FLEEEEING.
  3421 | D:5      | 3421 ||| FLEEEEING.
  3422 | D:5      | 3422 ||| STAIRDANCE
  3453 | D:5      | 3453 ||| STAIRDANCE
  3455 | D:4      | 3455 ||| INVOKING Heroism.
  3518 | D:5      | 3518 ||| INVOKING Heroism.
  3523 | D:5      | Reached XP level 9. HP: 55/55 MP: 11/11
  3551 | D:5      | Found a transporter.
  3557 | D:5      | Noticed qw's ghost (novice GrHu)
  3583 | D:5      | Reached skill level 3 in Invocations
  3648 | D:5      | Found a transporter.
  3796 | D:5      | 3796 ||| READING 2 scrolls labelled LESHAKHL DIOL.
  3807 | D:5      | Reached skill level 10 in Ranged Weapons
  3863 | D:5      | Found an opulent altar of Gozag.
  3868 | D:5      | Found a stormy altar of Qazlal.
  3999 | D:5      | 3999 ||| INVOKING Heroism.
  4064 | D:5      | 4064 ||| DRINKING 2 bubbling silvery potions.
  4065 | D:5      | 4065 ||| READING 3 scrolls of identify.
  4065 | D:5      | 4065 ||| IDENTIFYING brown potion
  4066 | D:5      | 4066 ||| READING 2 scrolls of identify.
  4066 | D:5      | 4066 ||| IDENTIFYING clear potion
  4067 | D:5      | 4067 ||| DROPPING potion of degeneration.
  4068 | D:5      | 4068 ||| INVOKING Heroism.
  4157 | D:6      | Noticed Jeremiah
  4172 | D:6      | 4172 ||| INVOKING Heroism.
  4174 | D:6      | HP: 12/55 [constriction (4)]
  4175 | D:6      | 4175 ||| READING scroll of teleportation.
  4176 | D:6      | 4176 ||| READING scroll labelled SORUQAU IRHEH.
  4178 | D:6      | HP: 3/55 [constriction (8)]
  4229 | D:6      | 4229 ||| FLEEEEING.
  4230 | D:6      | 4230 ||| FLEEEEING.
  4231 | D:6      | 4231 ||| FLEEEEING.
  4232 | D:6      | 4232 ||| FLEEEEING.
  4234 | D:6      | 4234 ||| FLEEEEING.
  4235 | D:6      | 4235 ||| STAIRDANCE
  4362 | D:5      | 4362 ||| READING scroll labelled GAXKUDW UCZUA.
  4368 | D:6      | 4368 ||| INVOKING Heroism.
  4373 | D:6      | 4373 ||| STAIRDANCE
  4489 | D:5      | Reached skill level 3 in Dodging
  4519 | D:6      | Found a sacrificial altar of Ru.
  4520 | D:6      | 4520 ||| Stepping ~*~*~tactically~*~*~ (outnumbered).
  4524 | D:6      | 4524 ||| Stepping ~*~*~tactically~*~*~ (outnumbered).
  4625 | D:6      | 4625 ||| READING scroll labelled FUYLENNIRIS.
  4640 | D:6      | 4640 ||| READING scroll labelled CABIRE UDI.
  4644 | D:6      | 4644 ||| INVOKING Heroism.
  4651 | D:6      | Killed Jeremiah
  4789 | D:6      | Noticed a skeletal warrior
  4790 | D:6      | 4790 ||| INVOKING Heroism.
  4792 | D:6      | Noticed a skeletal warrior
  4792 | D:6      | Noticed a skeletal warrior
  4793 | D:6      | 4793 ||| RETREATING.
  4810 | D:6      | 4810 ||| INVOKING Heroism.
  4811 | D:6      | 4811 ||| Stepping ~*~*~tactically~*~*~ (retreating).
  4812 | D:6      | 4812 ||| Stepping ~*~*~tactically~*~*~ (retreating).
  4817 | D:6      | 4817 ||| Stepping ~*~*~tactically~*~*~ (retreating).
  4818 | D:6      | 4818 ||| Stepping ~*~*~tactically~*~*~ (retreating).
  4819 | D:6      | 4819 ||| Stepping ~*~*~tactically~*~*~ (retreating).
  4825 | D:6      | HP: 13/57 [skeletal warrior/+2 flail of protection (14)]
  4827 | D:6      | HP: 1/57 [skeletal warrior/+2 flail of protection (12)]
  4828 | D:6      | Mangled by a skeletal warrior

Levels and vault maps discovered:
D:1:      lightli_arrival_chessboard, layout_basic, serial_shops, shop_statue,
          minivault_24, minmay_hexomino_u4
D:2:      layout_rooms, hellmonk_ecumenical_altar_watching_god,
          guppyfry_early_lair_pool, uniq_sigmund
D:3:      layout_basic, minmay_shallow_snake_nest
D:4:      layout_loops_ring, mainiacjoe_overflow_alcove_4,
          grunt_dithmenos_smoke_and_mirrors, grunt_temple_overflow_cloverleaf,
          temple_fountains, minmay_misc_feat_rows, uniq_grinder
D:5:      layout_basic, mainiacjoe_overflow_big_doors, gammafunk_ghost_arena,
          grunt_tough_drop, uniq_blork_the_orc, uniq_pikel
D:6:      layout_cave_pools, nicolae_ru_great_annihilating_truth, uniq_jeremiah
Temple:   grunt_temple_mini_profane

Skill      XL: |  1  2  3  4  5  6  7  8  9 |
---------------+----------------------------+-----
Armour         | 1 |  1.4
Ranged Weapons | 5 6 7 8 9 10 | 10.0
Fighting       | 3 4 5 6 7 |  7.3
Dodging        | 2 3 |  3.0
Invocations    | 2 4 |  4.2
Stealth        | |  1.1

Action                     |  1- 3 |  4- 6 |  7- 9 || total
---------------------------+-------+-------+-------++-------
   Fire: Shortbow          |    75 |    89 |   221 ||   385
 Invoke: Heroism           |       |       |    11 ||    11
    Use: Scroll            |     5 |     3 |    10 ||    18
         Potion            |       |     2 |     2 ||     4
 Armour: Leather armour    |     5 |       |    69 ||    74
         Ring mail         |     2 |    24 |       ||    26
  Dodge: Dodged            |    16 |    13 |    44 ||    73

Table legend:
 A = Non-vault XP
 B = Vault XP
 C = Vault XP percentage of total XP
 D = Non-vault monster count
 E = Vault monster count
 F = Vault count percentage of total count
                 A         B        C        D         E       F
            +---------+---------+-------+---------+---------+-------
      Total |    1513 |    1853 |  55.1 |      90 |      20 |  18.2
            +---------+---------+-------+---------+---------+-------
        D:1 |      17 |       8 |  32.0 |      10 |       5 |  33.3
        D:2 |      75 |     223 |  74.8 |      23 |       1 |   4.2
        D:3 |      20 |      15 |  42.9 |       6 |       2 |  25.0
        D:4 |     653 |     286 |  30.5 |      32 |       1 |   3.0
        D:5 |     490 |     855 |  63.6 |      17 |       6 |  26.1
        D:6 |     258 |     466 |  64.4 |       2 |       5 |  71.4
            +---------+---------+-------+---------+---------+-------
